 Dungeon Crawl Stone Soup version 0.31.0-11-ge490571c62 (webtiles) character file.

Game seed: 14470705635965523445

6 Goblin1989 the Sneak (level 1, -1/18 HPs)
             Began as a Demonspawn Delver on Feb 3, 2024.
             Slain by a ribbon worm (4 damage)
             ... on level 2 of the Dungeon.
             The game lasted 00:02:44 (169 turns).

Goblin1989 the Sneak (Demonspawn Delver)             Turns: 169, Time: 00:02:44

Health: -1/18      AC:  6    Str: 12    XL:     1   Next: 75%
Magic:  1/1        EV: 10    Int: 10    God:
Gold:   0          SH:  4    Dex: 14    Spells: 0/0 levels left

rFire   . . .        a - +0 mace
rCold   . . .        i - +0 buckler
rNeg    . . .        n - +0 ring mail
rPois   .            k - +0 helmet
rElec   .            (no cloak)
rCorr   .            (no gloves)
SInv    .            (no boots)
Will    .....        (no amulet)
Stlth   ++           (no ring)
HPRegen 0.23/turn    (no ring)
MPRegen 0.07/turn

%: no passive effects
@: no status effects
A: no striking features
a: no special abilities


You were on level 2 of the Dungeon.
You visited 1 branch of the dungeon, and saw 4 of its levels.

Inventory:

Hand Weapons
 a - a +0 mace (weapon)
Missiles
 h - 2 stones (quivered)
Armour
 b - a +0 leather armour
 i - a +0 buckler (worn)
 k - a +0 helmet (worn)
 m - a +0 plate armour
 n - a +0 ring mail (worn)
Wands
 g - a wand of digging (3) {@v3}
Scrolls
 c - a scroll of fog
 j - 2 scrolls of identify {unknown}
Potions
 f - a potion of haste {@q3,}
 l - a potion of magic {unknown}


   Skills:
 - Level 3.0 Fighting
 + Level 2.2 Maces & Flails
 - Level 1.7 Dodging
 - Level 4.5 Stealth
 + Level 0.2 Shields


You couldn't memorise any spells.
You didn't know any spells.
Your spell library was empty.

Dungeon Overview and Level Annotations

Branches:
Dungeon (5/15) Zot: 23821
 Temple: D:4-7

Altars:


Message History

The web tears apart.
The ribbon worm bites you.
You take 5 damage, and have 13/18 hp.
MASSIVE DAMAGE!!
You hit the ribbon worm.
The ribbon worm is moderately wounded.
The ribbon worm expels a string of sticky webbing.
The stream of webbing hits you but does no damage.
You are caught in a web!
The web tears apart.
The ribbon worm bites you.
You take 1 damage, and have 12/18 hp.
You hit the ribbon worm but do no damage.
The ribbon worm is lightly wounded.
The ribbon worm misses you.
You barely miss the ribbon worm.
The ribbon worm is lightly wounded.
The ribbon worm bites you.
You take 1 damage, and have 11/18 hp.
You barely miss the ribbon worm.
The ribbon worm is lightly wounded.
The ribbon worm expels a string of sticky webbing.
The stream of webbing hits you but does no damage.
You are caught in a web!
The web tears apart.
The ribbon worm barely misses you.
You hit the ribbon worm.
The ribbon worm is lightly wounded.
You block the ribbon worm's attack.
You hit the ribbon worm.
The ribbon worm is heavily wounded.
The ribbon worm bites you but does no damage.
You sock the ribbon worm!
The ribbon worm is severely wounded.
The ribbon worm bites you.
You are too injured to fight recklessly!
You take 2 damage, and have 10/18 hp.
You are too injured to fight recklessly!
You are too injured to fight recklessly!
You are too injured to fight recklessly!
You are too injured to fight recklessly!
You are too injured to fight recklessly!
You are too injured to fight recklessly!
You are too injured to fight recklessly!
You are too injured to fight recklessly!
You are too injured to fight recklessly!
You are too injured to fight recklessly!
You are too injured to fight recklessly!
You are too injured to fight recklessly!
You are too injured to fight recklessly!
You are too injured to fight recklessly!
You are too injured to fight recklessly!
You are too injured to fight recklessly!
You are too injured to fight recklessly!
You are too injured to fight recklessly!
You are too injured to fight recklessly!
You are too injured to fight recklessly!
You are too injured to fight recklessly!
You are too injured to fight recklessly!
You are too injured to fight recklessly!
You are too injured to fight recklessly!
You are too injured to fight recklessly!
You are too injured to fight recklessly!
You are too injured to fight recklessly!
You are too injured to fight recklessly!
You barely miss the ribbon worm.
The ribbon worm is severely wounded.
The ribbon worm expels a string of sticky webbing.
The stream of webbing hits you but does no damage.
You are caught in a web!
The web tears apart.
The ribbon worm bites you.
* * * LOW HITPOINT WARNING * * *
You take 5 damage, and have 5/18 hp.
MASSIVE DAMAGE!!
You hit the ribbon worm but do no damage.
The ribbon worm is severely wounded.
The ribbon worm expels a string of sticky webbing.
You block the stream of webbing.
You barely miss the ribbon worm.
The ribbon worm is heavily wounded.
The ribbon worm bites you.
* * * LOW HITPOINT WARNING * * *
You sock the ribbon worm!
The ribbon worm is almost dead.
The ribbon worm bites you.
* * * LOW HITPOINT WARNING * * *
You take 4 damage, and have 1/18 hp.
MASSIVE DAMAGE!!
You hit the ribbon worm.
The ribbon worm is almost dead.
The ribbon worm bites you but does no damage.
You barely miss the ribbon worm.
The ribbon worm is almost dead.
The ribbon worm expels a string of sticky webbing.
The stream of webbing hits you but does no damage.
You are caught in a web!
You struggle to detach yourself from the web.
The ribbon worm expels a string of sticky webbing.
The stream of webbing hits you but does no damage.
You are even more entangled.
The web tears apart.
The ribbon worm closely misses you.
You hit the ribbon worm.
The ribbon worm is severely wounded.
The ribbon worm bites you.
You die...

.. ███
█.███........█
█. ..█
█.█...███.████
..██.█ █.█.███
█... █....█
█.█.█ ███.█
█.██.███...█
.█
█.........██ █
█....████.█
██...█ █.█
█....█.@█ █.█


████ █.w█ ..█ █..█ .██ █... . ██>█ .██ . █ You could see a ribbon worm.

Vanquished Creatures
  2 bats (D:3)
  A hobgoblin (D:3)
  A ball python (D:2)
  A frilled lizard (D:2)
  A kobold (D:3)
  A rat (D:2)
7 creatures vanquished.

Notes
Turn   | Place    | Note
-------+----------+-------------------------------------------
     0 | D:5      | Goblin1989 the Demonspawn Delver began the quest for the
                  | Orb.
     0 | D:5      | Reached XP level 1. HP: 18/18 MP: 1/1
     1 | D:5      | Noticed a bombardier beetle
    13 | D:5      | Noticed a sleepcap
    19 | D:4      | Noticed a gnoll bouda
   169 | D:2      | Slain by a ribbon worm

Illustrated notes

Levels and vault maps discovered:
D:2:      layout_basic
D:3:      layout_loops_ring, tgw_fedhas, gammafunk_ghost_stat_death
D:4:      cheibrodos_thug_alley, layout_cave_pools, pf_just_have_faith,
          mainiacjoe_overflow_concentric_impassable, grunt_ministairs_2,
          uniq_ijyb
D:5:      layout_cave_pools, regret_index_xom_buried_treasure,
          mainiacjoe_overflow_chevrons, minmay_temple_entry_arrows, st_stairs_7,
          minmay_misc_feat_rows, grunt_tough_drop

Skill      XL: |  1 |
---------------+----+-----
Maces & Flails | 2 |  2.2
Fighting       | |  3.0
Dodging        | |  1.7
Stealth        | |  4.5
Shields        | |  0.2

Action                     || total
---------------------------++-------
  Melee: Mace              ||    28
    Use: Scroll            ||     2
 Armour: Ring mail         ||    10
         Leather armour    ||     6
  Dodge: Dodged            ||    11
  Block: Buckler           ||     3
